cohdb
Replays
Latest Replays
All Replays
Popular Replays
Top Player Replays
Match Explorer
How It Works
Community
CoH3 Stats
Reddit
Sign in to upload your games and track your stats! →
Sign in with Steam
Match 39299605
Unlisted
Match 39299605
Overview
Messages
Build Orders
End
Panzergrenadier Squad
250 Light Carrier
Panzergrenadier Squad
Panzergrenadier Squad
Construct Light Support Kompanie
Fire Support Elements
Veteran Squad Leaders
Flakvierling Half-track
Vehicle Survival Package
Pak 38 Mechanized Group
Construct Panzerarmee Kommand
Selects Armored Support Battlegroup
Selects Vehicle Awareness
Selects Veteran Gunners
Tungsten Core Ammunition
2.5-tonne Medical Truck
Combat Half-tracks
Panzer III L Medium Tank
Assault Mechanized Group
Emergency Repair Kits
Panzer III L Medium Tank
Panzer III L Medium Tank
Selects Panzer Storm
Selects Stuka Anti-tank Loiter
Panzer III L Medium Tank
Stuka Anti-tank Loiter
Panzer III L Medium Tank
Panzerjäger Mechanized Group
Panzer III L Medium Tank
Panzerjäger Squad
Armored Reserves
Advanced Field Repairs
Rapid Advance
Advanced Optics
Tiger Heavy Tank
Selects Flammpanzer III Medium Tank
Selects Command Panzer IV F Medium Tank
Stuka Anti-tank Loiter
Flammpanzer III Medium Tank
Command Panzer IV F Medium Tank
Panzerjäger Squad
Panzerjäger Squad
Stuka Anti-tank Loiter
RON
dekrack
Der Paul
tomamen
qZeto
BIOHAZARD
Gorgolo
Decapsy
0
0
Comments
sign in to comment!
No comments posted yet!